 Dungeon Crawl Stone Soup version 0.31.0-10-gcf4a605ca0 (webtiles) character file.

Game seed: 15897068965808112880

153 Armakuni the Cutter (level 5, 0/24 (29) HPs)
             Began as a Deep Elf Gladiator on Jan 26, 2024.
             Was a Plaything of Xom.
             Succumbed to a scorpion's poison
             ... on level 4 of the Dungeon.
             The game lasted 00:06:40 (2333 turns).

Armakuni the Cutter (Deep Elf Gladiator)            Turns: 2333, Time: 00:06:40

HP:   0/24 (29)     AC:  6    Str: 12    XL:     5   Next: 12%
MP:   7/7           EV: 11    Int: 17    God:    Xom [......]
Gold: 234           SH:  0    Dex: 15    Spells: 4/4 levels left

rFire   . . .        b - +3 dagger
rCold   . . .        (no shield)
rNeg    . . .        j - +0 ring mail
rPois   .            (helmet restricted)
rElec   .            l - +0 cloak
rCorr   .            (no gloves)
SInv    .            (no boots)
Will    .....        U - amulet of faith
Stlth   +            L - ring of flight
HPRegen 0.24/turn    (no ring)
MPRegen 0.10/turn

%: faith
@: lethally poisoned (0 -> -5), flying, heavily drained
A: horns 1, clever 1, sense surroundings 1, wild magic 1
a: Renounce Religion


You were on level 4 of the Dungeon.
You worshipped Xom.
You were a very special plaything of Xom.
You visited 1 branch of the dungeon, and saw 4 of its levels.

You collected 234 gold pieces.

Inventory:

Hand Weapons
 a - a +1 rapier
 b - a +3 dagger (weapon)
 g - a +0 shortbow
Missiles
 d - 2 throwing nets (quivered)
 e - a javelin
Armour
 c - a +0 helmet
 j - a +0 ring mail (worn)
 l - a +0 cloak (worn)
Jewellery
 L - a ring of flight (left hand)
 U - an amulet of faith (around neck)
Scrolls
 f - 4 scrolls of identify
 i - a scroll of noise


   Skills:
 - Level 1.5 Fighting
 - Level 4.8 Short Blades
 + Level 4.1 Ranged Weapons
 - Level 2.0 Throwing
 - Level 3.6 Dodging


You had 4 spell levels left.
You didn't know any spells.
Your spell library contained the following spells:

 Spells                   Type           Power      Damage    Failure   Level
 Apportation              Tloc           0%         N/A       56%         1
 Necrotise                Necr           0%         1d4       56%         1
 Jinxbite                 Hex            0%         N/A       71%         2
 Vampiric Draining        Necr           0%         2d6       89%         3
 Martyr's Knell           Necr/Summ      0%         N/A       99%         4
 Alistair's Intoxication  Alch           0%         N/A       100%        5
 Curse of Agony           Necr           0%         N/A       100%        5


Dungeon Overview and Level Annotations

Branches:
Dungeon (4/15)
 Temple: D:4-7

Altars:
Sif Muna
Xom

Shops:
D:2 (


Innate Abilities, Weirdness & Mutations

You have a pair of small horns on your head.
Your mind is acute. (Int +4, Str/Dex -1)
You passively map a small area around you.
Your spells are a little harder to cast, but a little more powerful.


Message History

The scorpion stings you but does no damage.
You shoot an arrow. The arrow hits the scorpion.
The scorpion is severely wounded.
The scorpion barely misses you. The scorpion stings you.
a - a +0 rapier (weapon)
You closely miss the scorpion. You headbutt the scorpion.
The scorpion is almost dead.
The scorpion stings you.
You hit the scorpion but do no damage.
The scorpion is almost dead.
The scorpion barely misses you. The scorpion stings you.
You are lethally poisoned!
The scorpion poisons you!
You barely miss the scorpion.
The scorpion is almost dead.
* * * LOW HITPOINT WARNING * * *
You feel very sick.
The scorpion stings you but does no damage.
You barely miss the scorpion. Your headbutt misses the scorpion.
The scorpion is almost dead.
* * * LOW HITPOINT WARNING * * *
You feel very sick.
The scorpion stings you but does no damage.
You aren't carrying any potions.
As you read the scroll labelled FAETE NYOTUMN, it crumbles to dust.
It is a scroll of enchant weapon.
Your +0 rapier glows red for a moment.
* * * LOW HITPOINT WARNING * * *
You feel sick. The scorpion barely misses you.
Throw: 3 throwing nets
Press: ? - help, Q - select action, (/) - cycle Shift-Dir - straight line, f/p - scorpion
Aim: a scorpion (almost dead, 56% to hit)
You throw a throwing net. The throwing net hits the scorpion.
The scorpion is caught in the net!
The scorpion is almost dead.
* * * LOW HITPOINT WARNING * * *
You feel sick.
The scorpion struggles against the net.
b - a +3 dagger (weapon)
You die...
Xom roars with laughter!

, , , #.....
#..... , *
...... ,*
......#* *
...... * *
#.#...### ,*,
* #.....s.##
, ** *#@..##
* * *
,+.....#...##
,,, , ,
#####.#.#..#
* ,,*
#.#.##.###
#.#.##...###
#...####...#
* #.### ###.#
* ## #.## *
#..## *


You could see a scorpion (caught).

Vanquished Creatures
  Jessica (D:3)
  An iguana (D:3)
  2 adders
  2 dart slugs (D:1)
  An orc (D:3)
  10 endoplasms
  3 giant cockroaches
  9 goblins
  7 hobgoblins
  3 jackals (D:1)
  2 quokkas (D:1)
  8 ball pythons
  6 bats
  7 frilled lizards
  7 kobolds
  3 rats
72 creatures vanquished.

Vanquished Creatures (collateral kills)
  2 orcs (D:3)
2 creatures vanquished.

Grand Total: 74 creatures vanquished

Notes
Turn   | Place    | Note
-------+----------+-------------------------------------------
     0 | D:1      | Armakuni the Deep Elf Gladiator began the quest for the
                  | Orb.
     0 | D:1      | Reached XP level 1. HP: 12/12 MP: 3/3
   129 | D:1      | Reached XP level 2. HP: 13/16 MP: 4/4
   368 | D:1      | Found a faded altar of an unknown god.
   379 | D:1      | Prayed at the altar of an unknown god.
   379 | D:1      | Became a worshipper of Xom the Fickle
   383 | D:1      | XOM: silly message
   403 | D:1      | XOM: silly message
   433 | D:1      | XOM: smoke on damage
   470 | D:1      | Reached XP level 3. HP: 17/20 MP: 5/5
   688 | D:2      | Found Jiso's Weapon Boutique.
   866 | D:2      | Found a shimmering altar of Xom.
   909 | D:2      | XOM: scenery: summon butterflies
  1145 | D:2      | XOM: god gift: chain mail {god gift}
  1156 | D:2      | XOM: 1-stop teleportation journey
  1277 | D:2      | XOM: god gift: shortbow {god gift}
  1490 | D:3      | XOM: give mutations
  1490 | D:3      | Gained mutation: Your spells are a little harder to cast,
                  | but a little more powerful. [Xom's grace]
  1490 | D:3      | Gained mutation: Your mind is acute. (Int +4, Str/Dex -1)
                  | [Xom's grace]
  1530 | D:3      | Reached skill level 1 in Ranged Weapons
  1530 | D:3      | Reached XP level 4. HP: 22/25 MP: 6/6
  1530 | D:3      | XOM: confuse monster(s)
  1531 | D:3      | XOM: butterfly on damage
  1701 | D:3      | XOM: chaos cloud
  1707 | D:3      | XOM: cast spell 'Animate Armour'
  1954 | D:3      | XOM: noise
  1984 | D:3      | Noticed Jessica
  1984 | D:3      | XOM: chaos upgrade
  1992 | D:3      | Killed Jessica
  1993 | D:3      | Reached XP level 5. HP: 29/29 MP: 7/7
  1999 | D:3      | Found a shimmering blue altar of Sif Muna.
  2195 | D:3      | XOM: draining
  2232 | D:4      | XOM: summons 3 hostile demons
  2241 | D:4      | XOM: give mutations
  2241 | D:4      | Gained mutation: You passively map a small area around you.
                  | [Xom's mischief]
  2241 | D:4      | Gained mutation: You have a pair of small horns on your
                  | head. [Xom's mischief]
  2332 | D:4      | HP: 1/24 [poisoned by a scorpion]
  2333 | D:4      | Succumbed to a scorpion's poison

Illustrated notes

Levels and vault maps discovered:
D:1:      dpeg_arrival_castle, layout_rooms,
          shapermc_ecumenical_altar_starsandcircs, serial_forest,
          infiniplex_forest_clump_curved, infiniplex_forest_pool,
          infiniplex_forest_lined_3, infiniplex_forest_straight_1,
          infiniplex_forest_clump_curved, infiniplex_forest_end_3,
          infiniplex_forest_zigzag_1
D:2:      layout_loops_ring, basic_altar, serial_shops, shop_fountains
D:3:      layout_rooms, tgw_sif, minmay_door_square, grunt_decor_fettered,
          kennysheep_minor_cross, guppyfry_early_orc_mine
D:4:      layout_basic, okawaru_gym_becter, minmay_temple_entry_drinking_statues

Skill      XL: |  1  2  3  4 |
---------------+-------------+-----
Short Blades   | 4 |  4.8
Ranged Weapons | 1 4 |  4.1
Fighting       | |  1.5
Throwing       | |  2.0
Dodging        | |  3.6

Action                     |  1- 3 |  4- 6 || total
---------------------------+-------+-------++-------
  Melee: Rapier            |   143 |    72 ||   215
         Headbutt          |       |     1 ||     1
   Fire: Shortbow          |       |    52 ||    52
  Throw: Throwing net      |       |     1 ||     1
    Use: Scroll            |     4 |     1 ||     5
         Potion            |     3 |     1 ||     4
   Stab: Sleeping          |     1 |       ||     1
         Confused          |       |     1 ||     1
 Armour: Leather armour    |    72 |       ||    72
         Ring mail         |     3 |    68 ||    71
  Dodge: Dodged            |    85 |    64 ||   149
